 Dungeon Crawl Stone Soup version 0.32-a0-530-gb6d6f0d0ac (webtiles) character file.

Game seed: 13568665882006715619

9 GordonOverkill the Sneak (level 2, -1/24 HPs)
             Began as a Coglin Delver on Feb 27, 2024.
             Slain by a gnoll
             ... wielding a +0 club
              (4 damage)
             ... on level 5 of the Dungeon.
             The game lasted 00:00:14 (29 turns).

GordonOverkill the Sneak (Coglin Delver)              Turns: 29, Time: 00:00:15

Health: -1/24      AC:  3    Str: 12    XL:     2   Next: 16%
Magic:  2/2        EV: 12    Int:  9    God:
Gold:   0          SH:  0    Dex: 15    Spells: 1/1 levels left

rFire   . . .        a - +0 hand axe {Henutemipet}
rCold   . . .        (no shield)
rNeg    . . .        b - +0 leather armour
rPois   .            (no helmet)
rElec   .            (no cloak)
rCorr   .            (no gloves)
SInv    .            (no boots)
Will    .....        (no amulet)
Stlth   ++           (ring unavailable)
HPRegen 0.24/turn    (ring unavailable)
MPRegen 0.08/turn

%: no passive effects
@: revving
A: off-hand wielding, slow wielding, warmup strikes, no rings
a: no special abilities


You were on level 5 of the Dungeon.
You visited 1 branch of the dungeon, and saw 2 of its levels.

Inventory:

Hand Weapons
 a - a +0 hand axe (weapon) {Henutemipet}
Armour
 b - a +0 leather armour (worn)
Wands
 g - a wand of digging (3)
Scrolls
 c - a scroll of fog
 d - a scroll of revelation
 e - a scroll of fear
Potions
 f - a potion of haste


   Skills:
 + Level 3.2 Fighting
 + Level 2.3 Axes
 - Level 2.0 Dodging
 - Level 4.1 Stealth


You had one spell level left.
You didn't know any spells.
Your spell library was empty.

Dungeon Overview and Level Annotations

Branches:
Dungeon (6/15)
 Temple: D:4-7

Altars:
Fedhas


Innate Abilities, Weirdness & Mutations

You can wield a second weapon in your off-hand.
It takes a long time for you to wield or remove held weapons.
Your first few attacks do less damage.
Your grasper-arms cannot wear rings.


Message History

Welcome, GordonOverkill the Coglin Delver.
It's a long way down to the Orb of Zot, but that shouldn't be any trouble.
Press ? for a list of commands and other information.
Found a blossoming altar of Fedhas.
Found two stone staircases leading down.
You climb downwards.
Found a stone staircase leading up.
There is a stone staircase leading up here.
The helpless gnoll fails to defend itself.
You hit the gnoll.
The gnoll is heavily wounded.
The gnoll barely misses you.
You hit the gnoll.
The gnoll is almost dead.
The gnoll hits you with a +0 halberd.
You hit the gnoll.
You kill the gnoll!
Training target 2.0 for Dodging reached!
Your Dodging skill increases to level 2!
You have reached level 2!
You start resting.
HP restored. 2 gnolls and an adder come into view.
The gnoll hits you with a +0 club. The gnoll attacks as it pursues you!
The gnoll hits you with a +0 club.
There is a stone staircase leading up here.
The adder hisses angrily.
The gnoll shouts!
The gnoll hits you with a +0 club!
* * * LOW HITPOINT WARNING * * *
There is a stone staircase leading up here.
The gnoll barely misses you.
You climb upwards.
There is a stone staircase leading down here.
You hit the gnoll but do no damage. The gnoll barely misses you.
You barely miss the gnoll. The gnoll hits you with a +0 club.
* * * LOW HITPOINT WARNING * * *
You barely miss the gnoll. The gnoll hits you with a +0 club.
* * * LOW HITPOINT WARNING * * *
The gnoll hits you with a +0 club.
You die...

≈...≈.≈.#.#
≈._.≈.≈.#.#
≈§§§≈.≈.#.#
§§≈§≈.≈.>.
.§.§..≈..#
≈≈≈§≈≈≈..####
.......g....#
.......@....#
####........#
#........#
#........#
#........#
#.........#
#.........#
#..........


You could see a gnoll.

Vanquished Creatures
  A gnoll (D:6)
1 creature vanquished.

Notes
Turn   | Place    | Note
-------+----------+-------------------------------------------
     0 | D:5      | GordonOverkill the Coglin Delver began the quest for the
                  | Orb.
     0 | D:5      | Reached XP level 1. HP: 18/18 MP: 1/1
     5 | D:6      | Reached XP level 2. HP: 20/24 MP: 2/2
    29 | D:5      | Slain by a gnoll

Illustrated notes

Levels and vault maps discovered:
D:5:      layout_rooms, mainiacjoe_overflow_concentric_impassable,
          kennysheep_generic_room_6
D:6:      minmay_octagon_keep, layout_basic, mainiacjoe_overflow_alcove_4,
          minmay_temple_entry_wispy, minmay_misc_feat_square,
          grunt_decor_resistance, uniq_maggie

Skill      XL: |  1 |
---------------+----+-----
Dodging        | 2 |  2.0
Fighting       | |  3.2
Axes           | |  2.3
Stealth        | |  4.1

Action                     || total
---------------------------++-------
  Melee: Hand axe          ||     6
   Stab: Sleeping          ||     1
 Armour: Leather armour    ||     7
  Dodge: Dodged            ||     3

Table legend: (Time is in decaauts)
 A = Elapsed time spent in this place.
 B = Non-inter-level travel time spent in this place.
 C = Inter-level travel time spent in this place.
 D = Time resting spent in this place.
 E = Time spent auto-exploring this place.
 F = Levels seen in this place.
 G = Mean time per level.
                   A        B        C        D        E       F      G
               +--------+--------+--------+--------+--------+-----+--------+
         Total |     30 |     30 |      0 |     16 |      0 |   2 |   15.0 |
       Dungeon |     30 |     30 |      0 |     16 |      0 |   2 |   15.0 |
               +--------+--------+--------+--------+--------+-----+--------+

Top non-repeatable levels by time:
     D:6: 25 daAuts
     D:5: 4 daAuts
